 Dungeon Crawl Stone Soup version 0.29.1-15-g9cfb28693d (webtiles) character file.

Game seed: 12640163294258217069

778 Eitelfritz the Chopper (level 7, -1/61 HPs)
             Began as a Hill Orc Fighter on Apr 15, 2023.
             Was an Initiate of Makhleb.
             Killed from afar by an electric eel (11 damage)
             ... with a bolt of electricity
             ... on level 6 of the Dungeon.
             The game lasted 00:09:47 (6503 turns).

Eitelfritz the Chopper (Hill Orc Fighter)           Turns: 6503, Time: 00:09:49

Health: -1/61      AC: 13    Str: 21    XL:     7   Next: 85%
Magic:  8/8        EV:  9    Int:  8    God:    Makhleb [......]
Gold:   334        SH:  4    Dex: 10    Spells: 6/6 levels left

rFire   + . .      SeeInvis +   a - +3 broad axe (chaos)
rCold   . . .      Faith    .   c - +0 buckler
rNeg    . . .      Spirit   .   m - +0 scale mail
rPois   .          Reflect  .   (no helmet)
rElec   .          Harm     .   (no cloak)
rCorr   +          Rampage  .   g - +0 pair of gloves
Will    +....                   s - +0 pair of boots
Stlth   ..........              (no amulet)
HPRegen 0.20/turn               l - ring "Ynkopn" {rF+ Will+ AC+4 SInv}
MPRegen 0.11/turn               e - ring of resist corrosion

@: no status effects
A: no striking features
a: Renounce Religion


You were on level 6 of the Dungeon.
You worshipped Makhleb.
Makhleb was noncommittal.
You visited 2 branches of the dungeon, and saw 7 of its levels.
You also visited: Sewer.

You collected 334 gold pieces.

Inventory:

Hand Weapons
 a - a +3 broad axe of chaos (weapon)
 b - a +0 sling
 t - a +1 whip of holy wrath
 x - a +0 flail of protection
 y - a +0 war axe
Missiles
 o - 8 poisoned darts (quivered)
 q - a throwing net
 r - 5 javelins
Armour
 c - a +0 buckler (worn)
 g - a +0 pair of gloves (worn)
 m - a +0 scale mail (worn)
 s - a +0 pair of boots (worn)
Jewellery
 e - a ring of resist corrosion (right hand)
 l - the ring "Ynkopn" (left hand) {rF+ Will+ AC+4 SInv}
   (You found it on level 2 of the Dungeon)

   [ring of protection]

   AC:        It affects your AC (+4).
   rF:        It protects you from fire.
   SInv:      It lets you see invisible.
   Will:      It increases your willpower.
Scrolls
 j - a scroll of summoning {unknown}
 n - 2 scrolls of magic mapping {unknown}
 p - a scroll of blinking
 w - a scroll of teleportation
Potions
 d - 4 potions of flight
 f - 2 potions of lignification {unknown}
 h - 3 potions of resistance
 i - 2 potions of mutation
 k - 2 potions of attraction {unknown}
 u - 2 potions of heal wounds
 v - a potion of might
 z - a potion of curing {unknown}


   Skills:
 + Level 5.6 Fighting
 + Level 7.6 Axes
 + Level 4.9 Armour
 + Level 1.6 Dodging
 + Level 0.5 Stealth
 + Level 4.3 Shields
 * Level 1.7 Invocations


You had 6 spell levels left.
You didn't know any spells.
Your spell library contained the following spells:

 Spells                   Type           Power      Damage    Failure   Level
 Freeze                   Ice            0%         1d3       83%         1
 Sublimation of Blood     Necr           0%         N/A       92%         2
 Frozen Ramparts          Ice            0%         1d1       99%         3
 Hailstorm                Conj/Ice       0%         3d3       100%        4
 Petrify                  Tmut/Erth      0%         N/A       100%        4
 Irradiate                Conj/Tmut      0%         3d11      100%        5


Dungeon Overview and Level Annotations

Branches:
Dungeon (6/15)             Temple (1/1) D:6           Sewer (visited)

Altars:
Ashenzari
Cheibriados
Dithmenos
Elyvilon
Fedhas
Gozag
Kikubaaqudgha
Makhleb
Qazlal
Ru
Sif Muna
Trog
Uskayaw
Vehumet
Wu Jian
Xom
Yredelemnul
Zin
The Shining One


Message History

You hit the howler monkey.
The howler monkey hoots and howls with incredible vigour!
The howler monkey hits you.
You hear a loud, deep croak!
You slash the howler monkey!
You kill the howler monkey!
Makhleb accepts your kill.
You see here a +0 flail of protection.
x - a +0 flail of protection An electric eel comes into view.
The electric eel shoots out a bolt of lightning at you!
The bolt of electricity hits you.
* * * LOW HITPOINT WARNING * * *
Why would you want to do that?
You see here a +0 flail.
You start resting.
The ogre shouts!
An electric eel is nearby!
You start resting.
An electric eel is nearby!
The electric eel shoots out a bolt of lightning at you!
The bolt of electricity hits you!
You start resting.
An electric eel is nearby!
You slash the electric eel!
The electric eel is almost dead.
The electric eel shoots out a bolt of lightning at you!
The bolt of electricity hits you! x2
* * * LOW HITPOINT WARNING * * *
You barely miss the electric eel.
The electric eel is almost dead.
You miss the electric eel.
The electric eel is almost dead.
You miss the electric eel.
The electric eel is almost dead.
The electric eel shoots out a bolt of lightning at you!
The bolt of electricity hits you!
* * * LOW HITPOINT WARNING * * *
The bolt of electricity hits you!
You die...

#...#.#..#....
###....##....#
##......>... #...#....##
## ####..#....#.. ##
##≈##.....#).#.#..
###≈###≈#≈..##...##...#.
.OS#≈#S#..≈#####.....?..
..≈#.#≈#@..#≈# #......##
.≈#...#...#≈## ##.....#
#...#?..#≈## #.....#
..#≈#.#≈## ##....#
#≈#≈#.#≈# #....#
#S#.#≈#..)#≈g #....#
#...#...#≈...#
...#...#≈l...#
...#≈#.#≈g....#


You could see an electric eel.

Vanquished Creatures
  An ice beast (D:5)
  An electric eel (D:6)
  A howler monkey (D:6)
  A hound (D:6)
  An orc priest (D:2)
  4 orc wizards
  Ijyb (D:4)
  2 iguanas
  15 adders
  2 gnolls (D:6)
  5 river rats
  An ufetubus (D:4)
  4 worms
  4 dart slugs
  11 orcs
  12 endoplasms
  10 giant cockroaches
  2 goblins
  7 hobgoblins
  5 jackals
  13 kobolds
  10 quokkas
  14 ball pythons
  17 bats
  A frilled lizard (D:3)
  5 rats
150 creatures vanquished.

Vanquished Creatures (others)
  An orc (D:4)
1 creature vanquished.

Grand Total: 151 creatures vanquished

Notes
Turn   | Place    | Note
-------+----------+-------------------------------------------
     0 | D:1      | Eitelfritz the Hill Orc Fighter began the quest for the
                  | Orb.
     0 | D:1      | Reached XP level 1. HP: 19/19 MP: 1/1
   311 | D:1      | Reached XP level 2. HP: 25/27 MP: 2/2
   419 | D:1      | Reached skill level 3 in Axes
   519 | D:1      | Reached XP level 3. HP: 33/33 MP: 3/3
  1037 | D:2      | Identified the +2 rapier of Penocs {venom, rC+}
  1126 | D:2      | Reached skill level 4 in Axes
  1138 | D:2      | Identified the ring "Ynkopn" {rF+ Will+ AC+4 SInv}
  1161 | D:2      | Reached XP level 4. HP: 40/40 MP: 4/4
  1278 | D:2      | Reached skill level 5 in Axes
  1278 | D:2      | Reached XP level 5. HP: 35/47 MP: 5/5
  3339 | D:4      | Noticed Ijyb
  3355 | D:4      | Reached skill level 5 in Fighting
  3355 | D:4      | Reached XP level 6. HP: 12/56 MP: 6/6
  3357 | D:4      | Killed Ijyb
  3438 | D:4      | Found a glowing drain.
  3455 | Sewer    | Entered a sewer
  3798 | Sewer    | Reached skill level 6 in Axes
  4010 | Sewer    | Reached skill level 1 in Dodging
  4376 | Sewer    | Reached XP level 7. HP: 61/61 MP: 7/7
  5181 | D:5      | Entered Level 5 of the Dungeon
  5332 | D:5      | Found a burning altar of Makhleb.
  5353 | D:5      | Reached skill level 7 in Axes
  5365 | D:5      | Became a worshipper of Makhleb the Destroyer
  6180 | D:6      | Reached skill level 1 in Invocations
  6194 | D:6      | Found a staircase to the Ecumenical Temple.
  6202 | Temple   | Entered the Ecumenical Temple
  6503 | D:6      | Killed from afar by an electric eel

Illustrated notes

Levels and vault maps discovered:
D:1:      lemuel_arrival_funnel, layout_basic
D:2:      layout_basic, minmay_increasing_density
D:3:      layout_basic
D:4:      layout_gridville, gup_sewer_entry_bubbles, nicolae_titane, uniq_ijyb
D:5:      layout_basic, lemuel_doored_altar
D:6:      layout_basic, minmay_temple_entry_mini_moons,
          ebering_ghost_disaster_area, nicolae_water_bricks
Temple:   mainiacjoe_temple_coin_purse

Skill      XL: |  1  2  3  4  5  6  7 |
---------------+----------------------+-----
Axes           | 3 4 5 6 7 |  7.6
Fighting       | 4 5 |  5.6
Shields        | 4 |  4.3
Armour         | 4 |  4.9
Dodging        | 1 |  1.6
Invocations    | 1 |  1.7
Stealth        | |  0.5

Action                   |  1- 3 |  4- 6 |  7- 9 || total
-------------------------+-------+-------+-------++-------
Melee: War axe           |    80 |   268 |     9 ||   357
       Broad axe         |       |       |    54 ||    54
  Use: Potion            |       |     1 |     1 ||     2
       Scroll            |       |       |    12 ||    12
Armor: Scale mail        |    61 |   211 |    31 ||   303
Dodge: Dodged            |    41 |   169 |    30 ||   240
Block: Buckler           |    23 |    77 |    11 ||   111
